 Dungeon Crawl Stone Soup version 0.31-a0-246-g8cbcc1cb85 (webtiles) character file.

Game seed: 1225912780320510036

347 qw the Shooter (level 6, -3/52 HPs)
             Began as a Minotaur Hexslinger on July 12, 2023.
             Slain by a gnoll
             ... wielding a +0 whip
              (8 damage)
             ... on level 4 of the Dungeon.
             The game lasted 00:01:26 (2802 turns).

qw the Shooter (Minotaur Hexslinger)                Turns: 2802, Time: 00:01:27

Health: -3/52      AC:  6    Str: 13    XL:     6   Next: 32%
Magic:  6/6        EV: 11    Int: 10    God:
Gold:   35         SH:  0    Dex: 14    Spells: 6/7 levels left

rFire   + . .        Y - +2 sling
rCold   . . .        (no shield)
rNeg    . . .        b - +0 ring mail
rPois   .            (helmet restricted)
rElec   .            (no cloak)
rCorr   .            c - +0 pair of gloves
SInv    .            (no boots)
Will    .....        (no amulet)
Stlth   +            e - ring of protection from fire
HPRegen 0.28/turn    (no ring)
MPRegen 0.10/turn

%: no passive effects
@: no status effects
A: horns 2, retaliatory headbutt
a: no special abilities


You were on level 4 of the Dungeon.
You visited 1 branch of the dungeon, and saw 4 of its levels.
You also visited: Ossuary.

You collected 200 gold pieces.
You spent 165 gold pieces at shops.


Innate Abilities, Weirdness & Mutations

You have a pair of horns on your head.
You reflexively headbutt those who attack you in melee.


   Skills:
 - Level 4.0 Fighting
 + Level 6.4 Ranged Weapons
 - Level 1.0 Armour
 - Level 2.1 Dodging
 - Level 1.0 Spellcasting
 - Level 2.0 Hexes


You had 6 spell levels left.
You knew the following spells:

 Your Spells              Type           Power      Damage    Failure   Level
a - Slow                  Hex            16%        N/A       32%         1

Your spell library contained the following spells:

 Spells                   Type           Power      Damage    Failure   Level
 Inner Flame              Hex/Fire       2%         N/A       82%         3
 Portal Projectile        Hex/Tloc       4%         N/A       82%         3
 Cause Fear               Hex            2%         N/A       97%         4

Inventory:

Hand Weapons
 Y - a +2 sling (weapon)
Armour
 b - a +0 ring mail (worn)
 c - a +0 pair of gloves (worn)
Jewellery
 e - a ring of protection from fire (left hand)
Scrolls
 a - a scroll of identify
 k - a scroll of amnesia {unknown}
Potions
 d - a potion of cancellation
 f - 2 potions of mutation
 g - 8 potions of curing
 h - 2 potions of might
 i - a potion of enlightenment
 j - a potion of haste {unknown}

Dungeon Overview and Level Annotations

Branches:
Dungeon (4/15)            Ossuary (visited)
 Temple: D:4-7

Altars:
Cheibriados

Shops:
D:4 !

Annotations:
D:4 Natasha


Message History

The gnoll hits you with a +0 club.
The gnoll hits you from afar with a +0 halberd!
The gnoll hits you from afar with a +0 halberd.
The gnoll barely misses you. You furiously retaliate!
You headbutt the gnoll. The gnoll hits you with a +0 whip.
You shoot a sling bullet. The sling bullet hits the gnoll.
The gnoll is heavily wounded.
The gnoll hits you from afar with a +0 halberd.
The gnoll closely misses you. The gnoll hits you with a +0 club.
You shoot a sling bullet.
The sling bullet hits the gnoll but does no damage.
The gnoll is heavily wounded.
The gnoll hits you but does no damage. The gnoll hits you with a +0 club.
The gnoll barely misses you.
You shoot a sling bullet. The sling bullet hits the gnoll.
The gnoll is almost dead.
The gnoll completely misses you.
The gnoll hits you but does no damage. x2
You shoot a sling bullet.
The sling bullet barely misses the gnoll.
The gnoll hits you with a +0 club.
The gnoll hits you from afar with a +0 halberd!
The gnoll hits you but does no damage.
2797 ||| Stepping ~*~*~tactically~*~*~ (outnumbered).
You shoot a sling bullet.
The sling bullet closely misses the gnoll.
The gnoll barely misses you. The gnoll hits you but does no damage.
You shoot a sling bullet.
The sling bullet completely misses the gnoll.
You shoot a sling bullet. The sling bullet hits the gnoll.
You kill the gnoll!
The gnoll hits you with a +0 whip.
Natasha wildly gestures.
Natasha glows brightly for a moment.
You shoot a sling bullet.
The sling bullet closely misses the gnoll.
The gnoll hits you with a +0 whip.
You shoot a sling bullet. The sling bullet hits the gnoll.
The gnoll is moderately wounded.
The gnoll closely misses you. The gnoll hits you with a +0 whip!
You die...

###.'#######+
#/..#...#...#
..###...#.>.# .##
#...#.h.# # .#
######### #h
.####...#...###.###
...##.>.#.>!##.g.h#
.#..#...#...#####g#
.#..'#######'...@)#
.#.#.## ##.#####
.#.#..# #.# .#.##.#
#.# .#.##.##
#.##########
.#.##..#
#.........<#
...###.#
##.#########
.....#.# #..#
#.##.#.# ##.#####


You could see Natasha and a gnoll.

Vanquished Creatures
  A water moccasin zombie (Ossuary)
  A hound (D:3)
  Natasha (D:4)
  2 mummies (Ossuary)
  4 gnolls
  5 adders
  An ufetubus (D:4)
  5 adder zombies (Ossuary)
  3 dart slugs
  3 orcs (D:3)
  6 bats
  9 endoplasms
  5 giant cockroaches
  4 gnoll zombies (Ossuary)
  7 goblins
  8 hobgoblins
  2 quokkas
  10 ball pythons
  2 frilled lizards
  3 hobgoblin zombies (Ossuary)
  4 kobolds
  3 kobold zombies (Ossuary)
  9 orc zombies (Ossuary)
  2 rats (D:1)
100 creatures vanquished.

Notes
Turn   | Place    | Note
-------+----------+-------------------------------------------
     0 | D:1      | qw the Minotaur Hexslinger began the quest for the Orb.
     0 | D:1      | Reached XP level 1. HP: 16/16 MP: 1/1
     0 | D:1      | 0 ||| qw: Version: 0.3-a-52-g30416fa
     0 | D:1      | 0 ||| qw: Game counter: 6273
     0 | D:1      | 0 ||| qw: Melee chars always use a shield: true
     0 | D:1      | 0 ||| qw: God list: Okawaru
     0 | D:1      | 0 ||| qw: Allow faded altars: false
     0 | D:1      | 0 ||| qw: Do Orc after clearing Dungeon:15 true
     0 | D:1      | 0 ||| qw: Do second Lair branch before Depths: true
     0 | D:1      | 0 ||| qw: Lair rune preference: random
     0 | D:1      | 0 ||| qw: Goals: Normal
     0 | D:1      | 0 ||| PLANNING D:1-11
    97 | D:1      | Reached skill level 3 in Ranged Weapons
   111 | D:1      | Reached XP level 2. HP: 23/23 MP: 2/2
   474 | D:1      | 474 ||| READING 4 scrolls labelled EDYQOA COSARUE.
   475 | D:1      | 475 ||| DRINKING 2 glowing purple potions.
   476 | D:1      | 476 ||| READING 3 scrolls of identify.
   476 | D:1      | 476 ||| IDENTIFYING fizzy golden potion
   477 | D:1      | 477 ||| READING 2 scrolls of identify.
   477 | D:1      | 477 ||| IDENTIFYING glowing sapphire potion
   478 | D:1      | 478 ||| DROPPING scroll of poison.
   519 | D:2      | Reached XP level 3. HP: 29/29 MP: 3/3
   557 | D:2      | Reached skill level 4 in Ranged Weapons
   685 | D:2      | Found a faded altar of an unknown god.
   693 | D:2      | Reached XP level 4. HP: 36/36 MP: 4/4
   820 | D:2      | 820 ||| UPGRADING to +0 ring mail.
   830 | D:2      | 830 ||| DROPPING +0 robe.
   831 | D:2      | 831 ||| READING scroll labelled FOUVU KELE.
   832 | D:2      | 832 ||| READING scroll labelled CEITOA NACAFF.
   916 | D:3      | Found a snail-covered altar of Cheibriados.
  1225 | D:3      | Reached skill level 1 in Armour
  1255 | D:3      | 1255 ||| FLEEEEING.
  1258 | D:3      | 1258 ||| FLEEEEING.
  1259 | D:3      | 1259 ||| FLEEEEING.
  1260 | D:3      | 1260 ||| FLEEEEING.
  1261 | D:3      | 1261 ||| FLEEEEING.
  1263 | D:3      | 1263 ||| FLEEEEING.
  1264 | D:3      | 1264 ||| FLEEEEING.
  1265 | D:3      | 1265 ||| FLEEEEING.
  1266 | D:3      | 1266 ||| FLEEEEING.
  1267 | D:3      | 1267 ||| FLEEEEING.
  1269 | D:3      | 1269 ||| FLEEEEING.
  1270 | D:3      | 1270 ||| FLEEEEING.
  1271 | D:3      | 1271 ||| FLEEEEING.
  1273 | D:3      | 1273 ||| FLEEEEING.
  1274 | D:3      | 1274 ||| FLEEEEING.
  1276 | D:3      | 1276 ||| FLEEEEING.
  1277 | D:3      | 1277 ||| FLEEEEING.
  1278 | D:3      | 1278 ||| FLEEEEING.
  1279 | D:3      | 1279 ||| FLEEEEING.
  1280 | D:3      | 1280 ||| FLEEEEING.
  1281 | D:3      | 1281 ||| FLEEEEING.
  1282 | D:3      | 1282 ||| FLEEEEING.
  1283 | D:3      | 1283 ||| FLEEEEING.
  1284 | D:3      | 1284 ||| FLEEEEING.
  1296 | D:3      | Reached skill level 5 in Ranged Weapons
  1434 | D:3      | Reached skill level 3 in Fighting
  1434 | D:3      | Reached XP level 5. HP: 27/45 MP: 5/5
  1778 | D:3      | 1778 ||| UPGRADING to +0 pair of gloves.
  1783 | D:3      | 1783 ||| UPGRADING to ring of protection from fire.
  1784 | D:3      | 1784 ||| READING scroll labelled SOJIDI AMINA.
  1785 | D:3      | 1785 ||| DRINKING 2 blue potions.
  1786 | D:3      | 1786 ||| DROPPING potion of attraction.
  1819 | D:4      | 1819 ||| PLANNING OSSUARY
  1971 | D:4      | Found Ososeba's Distillery.
  1980 | D:4      | 1980 ||| BUYING potion of curing (33 gold).
  1980 | D:4      | Bought a potion of curing for 33 gold pieces
  1980 | D:4      | 1980 ||| BUYING potion of curing (33 gold).
  1980 | D:4      | Bought a potion of curing for 33 gold pieces
  1980 | D:4      | 1980 ||| BUYING potion of enlightenment (55 gold).
  1980 | D:4      | Bought a potion of enlightenment for 55 gold pieces
  1980 | D:4      | 1980 ||| SHOPLISTING potion of haste (110 gold, have 66).
  1980 | D:4      | 1980 ||| BUYING potion of might (44 gold).
  1980 | D:4      | Bought a potion of might for 44 gold pieces
  2129 | D:4      | Found a sand-covered staircase.
  2134 | Ossuary  | Entered an ossuary
  2273 | Ossuary  | Reached skill level 6 in Ranged Weapons
  2273 | Ossuary  | Reached XP level 6. HP: 39/51 MP: 6/6
  2473 | Ossuary  | 2473 ||| READING 2 scrolls labelled BUTIABB CASTO.
  2474 | Ossuary  | 2474 ||| READING 2 scrolls labelled VUICHOI ROLA.
  2475 | Ossuary  | 2475 ||| READING 3 scrolls of identify.
  2475 | Ossuary  | 2475 ||| IDENTIFYING smoky ruby potion
  2476 | Ossuary  | 2476 ||| READING 2 scrolls of identify.
  2476 | Ossuary  | 2476 ||| IDENTIFYING fuming orange potion
  2477 | Ossuary  | 2477 ||| DROPPING potion of ambrosia.
  2478 | Ossuary  | 2478 ||| DROPPING scroll of blinking.
  2479 | Ossuary  | 2479 ||| DROPPING scroll of revelation.
  2480 | Ossuary  | 2480 ||| DROPPING potion of invisibility.
  2489 | D:4      | 2489 ||| PLANNING D:1-11
  2571 | D:4      | Noticed Natasha
  2583 | D:4      | Killed Natasha
  2783 | D:4      | Noticed Natasha
  2796 | D:4      | HP: 9/52 [gnoll/+0 halberd (8)]
  2797 | D:4      | 2797 ||| Stepping ~*~*~tactically~*~*~ (outnumbered).
  2801 | D:4      | HP: 5/52 [gnoll/+0 whip (2)]
  2802 | D:4      | Slain by a gnoll

Levels and vault maps discovered:
D:1:      dpeg_arrival_shelter, layout_rooms
D:2:      layout_basic, shapermc_ecumenical_altar_mp_highgroup,
          corexii_item_surrounded_by_moat
D:3:      layout_loops_corners, mainiacjoe_overflow_boulevard
D:4:      layout_basic, nicolae_ossuary_entry_false_entrances, serial_shops,
          nicolae_shop_advertising_works [nicolae_subvault_shop_adworks],
          uniq_natasha

Skill      XL: |  1  2  3  4  5  6 |
---------------+-------------------+-----
Ranged Weapons | 3 4 5 6 |  6.4
Fighting       | 2 3 4 |  4.0
Armour         | 1 |  1.0
Dodging        | |  2.1
Spellcasting   | |  1.0
Hexes          | |  2.0

Action                     |  1- 3 |  4- 6 || total
---------------------------+-------+-------++-------
   Fire: Sling             |    89 |   237 ||   326
    Use: Scroll            |     3 |     7 ||    10
         Potion            |     1 |     1 ||     2
 Armour: Robe              |     7 |       ||     7
         Ring mail         |       |    71 ||    71
  Dodge: Dodged            |    13 |    94 ||   107

Table legend:
 A = Non-vault XP
 B = Vault XP
 C = Vault XP percentage of total XP
 D = Non-vault monster count
 E = Vault monster count
 F = Vault count percentage of total count
                 A         B        C        D         E       F
            +---------+---------+-------+---------+---------+-------
      Total |     295 |     201 |  40.5 |      72 |      28 |  28.0
            +---------+---------+-------+---------+---------+-------
        D:1 |      39 |       0 |   0.0 |      20 |       0 |   0.0
        D:2 |      68 |       0 |   0.0 |      17 |       0 |   0.0
        D:3 |     123 |       0 |   0.0 |      17 |       0 |   0.0
        D:4 |      65 |      35 |  35.0 |      18 |       1 |   5.3
    Ossuary |       0 |     166 | 100.0 |       0 |      27 | 100.0
            +---------+---------+-------+---------+---------+-------
